[Event "CCT Airthings Masters Play-In 2023"]
[Site "Online"]
[Date "2023.02.03"]
[Round "3"]
[White "K_A_S_T_O_R"]
[Black "mishanick"]
[Result "1-0"]
[ECO "D35"]
[WhiteElo "2600"]
[BlackElo "2722"]
[Annotator "TA"]
[PlyCount "171"]
[EventDate "2023.02.03"]
[EventType "swiss"]
[EventCountry "NET"]
[SourceTitle "playchess.com"]
[Source "ChessBase"]
[SourceQuality "1"]
[TimeControl "600+2"]

1. d4 {[%emt 0:00:03] Marin,Mihail} Nf6 2. Nf3 d5 3. c4 e6 4. Nc3 Nbd7 5. cxd5 exd5 6. Bf4 c6 7. e3 Nh5 8. Bg5 Be7 9. Bxe7 Qxe7 10. Qc2 Nb6 {[%emt 0:00:10] D35: Queen's Gambit Declined: Exchange Variation.} 11. O-O-O {[%emt 0:00:05] [#]} O-O $146 ({Predecessor:} 11... Nf6 12. Bd3 Be6 13. h3 O-O-O 14. Kb1 Kb8 15. Nd2 Rc8 16. Nb3 Nfd7 17. Ne2 c5 18. dxc5 Nxc5 19. Nxc5 Rxc5 {1-0 Nakamura,H (2787)-Aronian,L (2792) Paris GCT rapid 2016 (8)}) 12. Bd3 g6 {[%emt 0:00:17] The position is equal.} 13. h3 a5 14. Kb1 a4 15. a3 Be6 16. g4 Ng7 17. Rdg1 Nd7 18. h4 {[%emt 0:00:05] White is more active.} f5 {[%emt 0:00:03] [#]} 19. g5 ({White should try} 19. gxf5 $1 $16 Bxf5 20. Ne1) 19... Nh5 (19... b5 $1 $11) 20. Nxa4 $16 {[%emt 0:00:12] White stays focused until the end.} f4 {[%emt 0:00:02] [#]} 21. e4 ({Don't go for} 21. Bxg6 $2 hxg6 22. e4 (22. Qxg6+ $2 {too greedy.} Ng7 $19) 22... dxe4 $19) 21... dxe4 22. Bxe4 Ra5 23. Re1 Qf7 (23... Rfa8 $16) 24. Nc5 $18 Rfa8 $2 (24... Nxc5 25. dxc5 Rfa8) 25. Nxe6 Qxe6 26. Bd3 Qd6 27. Bc4+ Kh8 28. Re6 Qf8 29. Rhe1 Nb6 30. Re7 Nxc4 31. Qxc4 Qf5+ {[%emt 0:00:01] Black is weak on the dark squares} 32. Ka2 {[%emt 0:00:06] Re8+ is the strong threat.} Ng7 {[%emt 0:00:36] Prevents Re8+} 33. Rxb7 Qh3 34. Qb3 (34. Qf7 $142 Rg8 35. Re8 (35. Qxf4 Rf5 $16) 35... Qe6+ 36. Rxe6 Raa8 37. Ne5 f3 38. Nxg6+ {[%mdl 64] Demolition} hxg6 39. Rxg6 Rxa3+ 40. bxa3 Kh7 41. Rh6#) 34... Rb5 35. Rxb5 cxb5 36. Ne5 {[%emt 0:00:05] White threatens Nf7+ and mate.} Qxb3+ 37. Kxb3 {[%emt 0:00:01][%mdl 4096] Endgame KRN-KRN} Nf5 38. Nf3 Rc8 39. Re4 Rc1 40. Rxf4 Rf1 41. Ne5 Rd1 42. Kc2 Rh1 43. d5 {[%emt 0:00:03][%cal Of4f5] Strongly threatening Rxf5!} Kg7 44. Nf3 h6 45. Nd4 hxg5 46. hxg5 Nd6 47. Rf6 Ne4 48. Ne6+ Kh7 49. Rf7+ Kg8 50. Rg7+ Kh8 51. Rxg6 {[%emt 0:00:00] aiming for Rh6+.} Rf1 52. Kd3 Nd6 53. Nd4 Nc4 54. b3 Rd1+ 55. Kc3 Ne5 56. Rh6+ Kg8 57. Nf5 Rd3+ 58. Kb4 {[%emt 0:00:08] Hoping for g6.} Rf3 59. Rf6 Kh7 60. Ne7 Rd3 61. f4 Nd7 62. Rh6+ (62. Rf7+ $142 Kh8 63. g6 Rxb3+ 64. Kxb3 Nf6 65. g7+ Kh7 66. g8=Q+ Kh6 67. Qg6#) 62... Kg7 63. Nf5+ Kg8 64. Rd6 Nf8 65. g6 Rf3 66. Ne7+ Kg7 67. f5 Kh6 68. a4 bxa4 69. bxa4 Rf1 70. a5 Rb1+ 71. Kc3 Rc1+ 72. Kd2 Ra1 73. a6 Ra3 74. f6 {[%emt 0:00:03] White wants to mate with g7.} Nxg6 75. f7 Kg7 76. Nxg6 Kxf7 {[%emt 0:00:02] KRN-KR} 77. Re6 Ra5 78. Ne5+ Kf8 79. Nc4 Rxd5+ 80. Kc3 {[%emt 0:00:00] White mates.} Rd1 81. Kb2 Rd7 82. Rb6 Ke7 83. Rb7 Kd8 84. Rxd7+ Kc8 85. Nb6+ Kb8 86. Rb7# {[%emt 0:00:01] Weighted Error Value: White=0.32/Black=0.67} 1-0

[Event "CCT Airthings Masters Play-In 2023"]
[Site "Online"]
[Date "2023.02.03"]
[Round "3"]
[White "Sam_ChessMood"]
[Black "Panjwani, Raja"]
[Result "1/2-1/2"]
[ECO "D37"]
[WhiteElo "2597"]
[BlackElo "2485"]
[Annotator "TA"]
[PlyCount "89"]
[EventDate "2023.02.03"]
[EventType "swiss"]
[EventCountry "NET"]
[SourceTitle "playchess.com"]
[Source "ChessBase"]
[SourceQuality "1"]
[TimeControl "600+2"]

1. d4 d5 2. c4 e6 3. Nf3 Nf6 4. Nc3 Be7 5. Bf4 O-O 6. e3 Nbd7 7. Be2 dxc4 {[%emt 0:00:13] D37: Queen's Gambit Declined: 5 Bf4.} 8. O-O c5 9. Bxc4 a6 {[%emt 0:00:04] Against Nb5} 10. a4 cxd4 11. Qxd4 Qa5 12. Bd6 Bxd6 13. Qxd6 Nc5 {[%emt 0:00:10] [#]} 14. Rfd1 $146 {[%emt 0:00:16] Black is weak on the dark squares} (14. Ne5 $1 $14) ({Predecessor:} 14. Rab1 Rd8 15. Qf4 Qb4 16. Ne5 a5 17. g4 Rf8 18. Rfd1 Ncd7 19. Rd4 Qe7 20. Rbd1 {1-0 Korobov,A (2700)-Kravtsiv,M (2621) Wch Blitz 9th 2015 (21)}) 14... Bd7 $11 15. Ne5 Rac8 16. Rd4 b5 17. Bxb5 axb5 (17... Bxb5 $11 18. b4 Qc7 19. bxc5 (19. axb5 Nb3 $11) (19. Qxc5 Qb7 $11) 19... Qxc5 20. Nxb5 (20. Qxc5 Rxc5 21. axb5 axb5 $11) 20... axb5) 18. b4 $36 {[%emt 0:00:03][%mdl 2048] Black is under strong pressure.} Qc7 19. bxc5 {[%emt 0:01:46] White has more active pieces.} (19. Qxc5 Qb8 20. Qd6 Qxd6 21. Rxd6 Rxc3 $14) 19... Qxd6 20. Rxd6 b4 (20... Rxc5 $16 21. Nxd7 Nxd7) 21. Na2 ({Don't play} 21. Nxd7 $6 Nxd7 22. Nd5 exd5 23. Rxd7 Rxc5 $16) (21. Ne2 $18 Be8 22. Nd3) 21... Bxa4 22. Nxb4 Ne4 23. Rxa4 {[%emt 0:01:00][%cal Oe5c6] [#] And now Nec6! would win.} Nxd6 24. Nbc6 Ra8 $2 (24... Nf5 $16) 25. Ne7+ $18 {[%emt 0:00:09] Excellent horsemanship.} Kh8 26. Rxa8 Rxa8 {[%emt 0:00:00][%mdl 4096] Endgame KRN-KNN} 27. g4 $2 ({White should play} 27. Kf1 $18 f6 28. cxd6 fxe5 29. Nc6) 27... f6 $11 28. cxd6 {[%emt 0:00:01][%cal Re5f7] [#]} fxe5 {[%emt 0:00:00] KR-KN} 29. Nc6 {[%emt 0:00:02] Prevents Rd8} Ra1+ $1 30. Kg2 {[%emt 0:00:01][%cal Od6d7] Black must now prevent d7!} Rd1 {[%emt 0:00:02] The position is equal.} 31. Nxe5 Kg8 32. d7 Kf8 33. f4 Ke7 34. h4 h6 35. h5 Rd5 36. Kf3 Rxe5 37. fxe5 {[%emt 0:00:01] aiming for Ke4.} Kxd7 {[%emt 0:00:01] KP-KP} 38. Ke4 {[%emt 0:00:07] Kd4 would be deadly.} Kc6 39. Kd4 {[%emt 0:00:00] Threatens to win with Kc4.} Kb5 40. Kc3 Kc5 41. e4 Kb5 42. Kb3 Kc5 43. Kc3 Kb5 44. Kb3 Kc5 {[%emt 0:00:00] ( -> ...Kd4)} 45. Kc3 {[%emt 0:00:00] Weighted Error Value: White=0.23 (precise) /Black=0.12 (very precise)} 1/2-1/2

[Event "CCT Airthings Masters Play-In 2023"]
[Site "Online"]
[Date "2023.02.03"]
[Round "3"]
[White "Puranik, Abhimanyu"]
[Black "Durarbayli, Vasif"]
[Result "0-1"]
[ECO "A30"]
[WhiteElo "2596"]
[BlackElo "2635"]
[Annotator "TA"]
[PlyCount "88"]
[EventDate "2023.02.03"]
[EventType "swiss"]
[EventCountry "NET"]
[SourceTitle "playchess.com"]
[Source "ChessBase"]
[SourceQuality "1"]
[TimeControl "600+2"]

1. Nf3 c5 2. c4 Nf6 3. Nc3 e6 4. g3 b6 5. Bg2 Bb7 6. O-O Be7 7. Re1 Ne4 {[%emt 0:00:08] 7...d5 is setting a new trend.} 8. Qc2 {[%emt 0:00:06] A30: Symmetrical English: Double Fianchetto and Hedgehog.} Nxc3 9. dxc3 d6 10. Bf4 {[%emt 0:00:06] The position is equal.} Qc7 11. Rad1 Nc6 12. e4 Ne5 {[%emt 0:00:09] [#]} 13. h3 $146 ({Predecessor:} 13. Nd2 O-O 14. h3 Rad8 15. Be3 Nd7 16. f4 Rfe8 17. Bf2 Bf8 18. g4 g6 19. Nf1 {1-0 Artemiev,V (2524)-Gordievsky,D (2474) Wch Rapid Khanty-Mansiysk 2013 (14)}) 13... Bc6 14. Nd2 g5 15. Be3 h5 16. b4 ({White should play} 16. Nf3 $11) 16... g4 17. h4 $1 Rg8 (17... a5 $5 ) 18. a4 {[%emt 0:01:16] [#]} a5 $1 19. Rb1 (19. b5 $15 Bb7 20. Bf4) 19... axb4 $17 20. cxb4 Bxa4 {[%emt 0:00:01] Black is much more active.} (20... Rxa4 $2 21. b5 Bxb5 22. Rxb5 $18) 21. Qc3 Bf6 {[%emt 0:00:07][%cal Oe5f3] And now ...Nf3+! would win.} 22. Qa3 $2 (22. Kf1 $17) 22... Bc6 (22... Ke7 $19 23. bxc5 bxc5) 23. Qb3 Ke7 {[%emt 0:00:18] ...Ba4 would be deadly.} 24. Bf4 (24. b5 $17 {keeps fighting.} Bb7 25. Nf1) 24... Ra4 (24... cxb4 $19 {has better winning chances. aiming for ...Ng6.} 25. Bxe5 Bxe5 26. Qxb4 Ra2) 25. b5 Rb4 26. Qe3 Rxb1 (26... Nxc4 $2 27. Nxc4 Rxc4 28. bxc6 $18) 27. Rxb1 Bb7 28. Bf1 (28. Rb3 $17) 28... Qb8 (28... Kd7 $19 29. Bg2 Ra8 30. Bxe5 Bxe5) 29. Rb3 Nd7 $36 {[%emt 0:00:35][%mdl 2048] Black is on the roll.} 30. Ra3 Bd4 31. Qe2 Ne5 32. Bg2 Qc7 33. Nb3 Ra8 (33... Kd7 $17) 34. Rxa8 $11 Bxa8 35. Be3 $2 (35. Qd2 $11) 35... Bxe3 $19 36. Qxe3 {[%emt 0:00:01] [#]} Qa7 $1 ({Weaker is} 36... Nxc4 37. Qg5+ Kd7 38. Qg8 $17) 37. Qg5+ Kd7 38. Qxh5 Qa2 (38... Nxc4 $2 39. Qxf7+ Kd8 40. Qxa7 $18) 39. Qh8 Bb7 $2 ({Inferior is} 39... Qxb3 40. Qxa8 Nxc4 41. e5 Nxe5 42. Bc6+ Ke7 43. Qe8+ Kf6 44. Qh8+ Ke7 45. Qe8+ Kf6 46. Qh8+ Kg6 47. Qg8+ Kh6 48. Qh8+ Kg6 49. Qg8+ Kh6 50. Qh8+ Kg6 $11) (39... Ke7 $19 {Hoping for ...Nd3.} 40. Qb8 Qb1+ 41. Kh2 Qxb3 42. Qa7+ Nd7 43. Qxa8 Qxc4) 40. h5 $2 Qxb3 41. h6 Qb1+ {[%emt 0:00:10] Black mates.} (41... Nxc4 $2 42. Qf6 Qb2 43. Qxf7+ Kd8 44. Qf8+ (44. Qxb7 Qc1+ 45. Bf1 Nd2 $11) 44... Kc7 45. Qg7+ Qxg7 46. hxg7 $18) 42. Kh2 Qb2 43. Qb8 {[%emt 0:00:04] [#]} Bxe4 $1 44. h7 (44. Bxe4 Qxf2+) 44... Nf3+ {[%emt 0:00:11] Weighted Error Value: White=0.65/Black=0.43} 0-1

[Event "CCT Airthings Masters Play-In 2023"]
[Site "Online"]
[Date "2023.02.03"]
[Round "3"]
[White "Cayse"]
[Black "Wizard456"]
[Result "0-1"]
[ECO "C47"]
[WhiteElo "2590"]
[BlackElo "2721"]
[Annotator "NA"]
[PlyCount "94"]
[EventDate "2023.02.03"]
[EventType "swiss"]
[EventCountry "NET"]
[SourceTitle "playchess.com"]
[Source "ChessBase"]
[SourceQuality "1"]
[TimeControl "600+2"]

1. e4 e5 2. Nf3 Nc6 3. Nc3 Nf6 4. a4 Bd6 5. Bc4 h6 6. O-O O-O 7. d3 Be7 8. h3 d6 9. Re1 Re8 10. a5 a6 11. Nd5 Bf8 12. c3 Nxd5 13. exd5 Ne7 14. d4 Ng6 15. Qc2 Qf6 16. dxe5 dxe5 17. Nh2 Nf4 18. Ng4 Bxg4 19. hxg4 Bc5 20. Be3 Qd6 21. Qe4 Bxe3 22. fxe3 Ng6 23. Rf1 Rad8 24. Rf2 Re7 25. Raf1 Nf8 26. Rf5 Nh7 27. b4 Ng5 28. Rxg5 hxg5 29. Rf5 g6 30. Rf1 Kg7 31. Bb3 Rh8 32. Bc2 Rh4 33. Qf3 b6 34. axb6 cxb6 35. Be4 Rh8 36. Bd3 a5 37. bxa5 bxa5 38. Qe4 Rc8 39. c4 a4 40. Bb1 a3 41. Rf2 Rb7 42. Bd3 Rb2 43. Rf1 a2 44. Kh2 Rb3 45. Kg1 Ra3 46. Ra1 Kg8 47. Bc2 Qc5 0-1

[Event "CCT Airthings Masters Play-In 2023"]
[Site "Online"]
[Date "2023.02.03"]
[Round "3"]
[White "GukeshDommaraju"]
[Black "adotand"]
[Result "1-0"]
[ECO "D02"]
[WhiteElo "2590"]
[BlackElo "2435"]
[Annotator "TA"]
[PlyCount "79"]
[EventDate "2023.02.03"]
[EventType "swiss"]
[EventCountry "NET"]
[SourceTitle "playchess.com"]
[Source "ChessBase"]
[SourceQuality "1"]
[TimeControl "600+2"]

1. Nf3 d5 2. g3 Nc6 3. d4 Bf5 4. Bg2 Nb4 5. Na3 e6 6. O-O Be7 7. c3 {[%emt 0:00:03] D02: 1 d4 d5 2 Nf3 sidelines, including 2...Nf6 3 g3 and 2...Nf6 3 Bf4.} Nc6 {[%emt 0:00:01] The main line 7...Nc6 scores better than 7...Na6.} 8. Nc2 Nf6 9. Nh4 $5 {[%emt 0:00:02][%mdl 4] White has an edge. Leaves trodden paths.} Be4 $1 {[%emt 0:00:06] [#]} 10. Ne1 $146 ({Predecessor:} 10. f3 Bxc2 11. Qxc2 Nd7 12. e4 Nb6 13. f4 Bxh4 14. gxh4 Qxh4 15. f5 O-O-O 16. a4 {0-1 Kushko,D (2324)-Sammed Jaykumar,S (2408) Budapest Vezerkepzo GM-B 11 2022 (8)}) 10... Bxg2 11. Nhxg2 O-O 12. Nd3 Bd6 13. Bg5 h6 14. Bxf6 Qxf6 15. Ne3 Qe7 16. b4 a6 17. a4 b5 18. Qb3 Rfb8 19. Rfb1 (19. a5 $14) 19... a5 $11 20. bxa5 Nxa5 21. Qc2 c6 22. axb5 cxb5 23. Ra2 Qe8 24. Rba1 Nc4 25. Nf1 Rxa2 26. Rxa2 Qc6 27. Qb3 Rc8 28. h4 h5 29. Nh2 Ra8 30. Nf3 (30. Rxa8+ $11 Qxa8 31. Qxb5) 30... Ra4 $15 31. Nc1 Qa6 32. Ng5 {[%emt 0:00:18] [#]} (32. e3 $15) 32... g6 (32... Ba3 $142 $1 33. Nd3 Bd6) 33. e4 Ra3 ({Black should try} 33... Ba3 $17 34. Nd3 Be7) 34. Rxa3 $11 Qxa3 (34... Bxa3 {simplifies} 35. Qc2 Qa4 36. Nb3 dxe4 37. Nxe4 Na5) 35. Qxb5 {[%emt 0:00:26] Threatening mate with Qe8+.} Qxc1+ 36. Kg2 {[%emt 0:00:01] [#] White threatens Qe8+ and mate.} Bf8 {[%emt 0:00:22] Strongly threatening ...Nd6.} (36... Qxc3 $2 37. Qe8+ (37. exd5 Ne3+ 38. fxe3 Qd2+ 39. Kf3 Qd1+ 40. Kg2 Qc2+ 41. Kg1 Qc1+ 42. Kg2 Qc2+ 43. Kg1 Qd1+ 44. Kg2 Qd2+ 45. Kf1 Qd1+ 46. Kg2 $11) 37... Bf8 38. Qxf7+ Kh8 39. Qxf8#) 37. Qd7 Nd6 (37... Qxc3 $2 {is a self mate.} 38. Qxf7+ Kh8 39. Qxf8#) (37... Ne3+ $1 $11 38. Kf3 (38. fxe3 Qd2+ 39. Kh3 Qf2 $11) 38... dxe4+ 39. Kxe4 Qc2+ 40. Kf3 (40. Kxe3 Qxc3+ 41. Ke4 Qc2+ 42. Ke3 Qc3+ 43. Kf4 Qc1+ 44. Kf3 Qa3+ 45. Kg2 Qe7 $11) 40... Qf5+ 41. Kxe3 Ba3) 38. e5 $18 Qc2 (38... Qxg5 $18 39. hxg5 Nf5) 39. exd6 Qf5 40. Qe8 {[%emt 0:00:02] Weighted Error Value: White=0.15 (very precise) /Black=0.43} 1-0

[Event "CCT Airthings Masters Play-In 2023"]
[Site "Online"]
[Date "2023.02.03"]
[Round "3"]
[White "ChessLover"]
[Black "TheCount"]
[Result "1-0"]
[ECO "D38"]
[WhiteElo "2583"]
[BlackElo "2715"]
[Annotator "TA"]
[PlyCount "83"]
[EventDate "2023.02.03"]
[EventType "swiss"]
[EventCountry "NET"]
[SourceTitle "playchess.com"]
[Source "ChessBase"]
[SourceQuality "1"]
[TimeControl "600+2"]

1. d4 Nf6 2. c4 e6 3. Nf3 d5 4. Nc3 Bb4 5. Bg5 h6 6. Bxf6 Qxf6 7. Qa4+ Nc6 8. e3 O-O {[%emt 0:00:09] D38: Queen's Gambit Declined: Ragozin Defence (4 Nf3 Bb4).} 9. Rd1 Bd7 10. Qb3 dxc4 {[%emt 0:00:16] The position is equal.} 11. Bxc4 Qe7 {[%emt 0:00:02] [#]} 12. Bd3 $146 ({Predecessor:} 12. Be2 Na5 13. Qc2 c5 14. a3 Bxc3+ 15. Qxc3 b6 16. dxc5 Ba4 17. Rd4 Bc6 18. cxb6 axb6 {1-0 Turov,M (2574)-Gukesh,D (2547) Wch Blitz Moscow 2019 (11)}) 12... Na5 13. Qc2 c5 14. a3 Bxc3+ 15. Qxc3 b6 16. Ne5 (16. dxc5 $11 Ba4 17. Bc2 Bxc2 18. Qxc2) 16... Ba4 $15 17. Rd2 (17. Rb1 $142) 17... Nb3 $17 18. Rc2 cxd4 19. exd4 Rfd8 20. Nf3 {[%emt 0:00:42] [#]} (20. O-O $17) 20... Nxd4 21. Nxd4 Bxc2 (21... Qd6 $17 22. Rd2 Rac8) 22. Nxc2 $11 Rac8 23. Qb3 Qd6 (23... Qg5 $5 24. O-O $8 Qd5 25. Qxd5 Rxd5 $11) 24. Ke2 a5 25. Rd1 {[%emt 0:00:50][%cal Od3h7] Strongly threatening Bh7+!} Qxh2 26. Ne3 Qh5+ 27. g4 Qe5 28. Rd2 (28. Qxb6 Rb8 29. Qc6 Qxb2+ 30. Kf3 Qxa3 $19) (28. Kf1 $15) 28... Rd6 29. Rc2 Rcd8 30. Qc3 Qf4 31. Ba6 Qe4 32. Qc4 Rd4 33. Qc7 f5 ({Black should play} 33... R8d6 $15) 34. f3 {[%emt 0:00:14][%mdl 1024] White has compensation.} Qa8 (34... Qf4 $1 $11 35. Qxf4 Rxf4) 35. Bb7 {[%emt 0:00:10] Really sharp! Black is weak on the light squares} ({Much weaker is} 35. Qxb6 $6 fxg4 36. Nxg4 (36. Qxa5 $2 {leads to mate.} Qxf3+ 37. Ke1 Rd1+ {[%mdl 64] Back Rank} 38. Nxd1 Rxd1#) (36. Qxe6+ $2 Kh8 $19) 36... Rxg4 37. Qxe6+ Kh8 38. Qxg4 Qxa6+ 39. Kf2 a4 $15) 35... Qa7 {[%emt 0:00:03] [#]} ({Better is} 35... Qb8 $14 36. Qxb8 Rxb8) 36. Qe7 $1 $16 (36. gxf5 $2 {perishes.} R4d7 37. Qe5 Rxb7 $19) 36... R4d7 {[%emt 0:00:01] Prevents Rc7.} 37. Qxe6+ Kh8 {[%emt 0:00:01] [#]} 38. Bc6 $40 {[%emt 0:00:06][%mdl 128] White has strong attack.} Re7 (38... Rd4 $16) 39. Qxf5 $18 {[%emt 0:00:05] aiming for Be4. Active counter play!} b5 $2 (39... Rf7) 40. Be4 Kg8 (40... Rxe4 $142 41. fxe4 b4) 41. Nd5 (41. Qh7+ $142 Kf7 42. Nf5 Rxe4+ 43. fxe4) 41... Rxd5 42. Rc8+ {[%emt 0:00:04] White used his chance. Excellently played by ChessLover!   Weighted Error Value: White=0.19 (very precise) /Black=0.50} 1-0

[Event "CCT Airthings Masters Play-In 2023"]
[Site "Online"]
[Date "2023.02.03"]
[Round "3"]
[White "platy3"]
[Black "Grischuk, Alexander"]
[Result "1/2-1/2"]
[ECO "B33"]
[WhiteElo "2578"]
[BlackElo "2745"]
[Annotator "TA"]
[PlyCount "49"]
[EventDate "2023.02.03"]
[EventType "swiss"]
[EventCountry "NET"]
[SourceTitle "playchess.com"]
[Source "ChessBase"]
[SourceQuality "1"]
[TimeControl "600+2"]

1. e4 c5 2. Nf3 Nc6 3. d4 cxd4 4. Nxd4 Nf6 5. Nc3 e5 6. Ndb5 d6 7. Bg5 a6 8. Na3 b5 9. Nd5 Be7 10. Bxf6 Bxf6 11. c3 Rb8 12. Nc2 Bg5 13. a4 bxa4 {[%emt 0:00:06] B33: Sicilian: Pelikan and Sveshnikov Variations.} 14. Ncb4 Nxb4 15. cxb4 O-O $1 {[%emt 0:00:06] 15...0-0 scores better than 15...Bd7.} 16. Rxa4 a5 17. b5 (17. Rxa5 Rxb4 18. Qa1 Rxe4+ 19. Be2 Bb7 $19) ({Much weaker is} 17. bxa5 Rxb2 18. Qa1 Rc2 $17) 17... Bd7 18. Nc3 d5 19. Nxd5 (19. exd5 $5 e4 20. Rxe4 $14) 19... Be7 {[%emt 0:00:10] The position is equal.} 20. Be2 Bxb5 21. Bxb5 Rxb5 22. O-O Bc5 {[%emt 0:00:58] [#]} 23. Qe2 $146 ({Predecessor:} 23. Qd2 Kh8 24. Kh1 f5 25. Qe2 Qb8 26. Ra2 Bd4 27. Nc3 Bxc3 28. bxc3 fxe4 29. Qxe4 {½-½ Alekseev,E (2607)-Matlakov,M (2730) RUS-ch Higher League 70th 2017 (3)}) 23... Qb8 24. b3 Kh8 25. g3 {[%emt 0:00:15] A rather calm draw.   Weighted Error Value: White=0.04 (flawless) /Black=0.01 (flawless)} 1/2-1/2

[Event "CCT Airthings Masters Play-In 2023"]
[Site "Online"]
[Date "2023.02.03"]
[Round "3"]
[White "daika91"]
[Black "Firouzja, Alireza"]
[Result "0-1"]
[ECO "E71"]
[WhiteElo "2575"]
[BlackElo "2785"]
[Annotator "NA"]
[PlyCount "156"]
[EventDate "2023.02.03"]
[EventType "swiss"]
[EventCountry "NET"]
[SourceTitle "playchess.com"]
[Source "ChessBase"]
[SourceQuality "1"]
[TimeControl "600+2"]

1. d4 Nf6 2. c4 g6 3. Nc3 Bg7 4. e4 d6 5. h3 Nbd7 6. Be3 e5 7. d5 Nc5 8. Qc2 c6 9. b4 Na6 10. a3 cxd5 11. cxd5 O-O 12. Bd3 Nh5 13. Nge2 Bd7 14. O-O f5 15. f3 f4 16. Bf2 Nc7 17. a4 Bf6 18. Nb5 Nxb5 19. Bxb5 Bc8 20. a5 Bh4 21. Rac1 Bxf2+ 22. Rxf2 a6 23. Bd3 Rf7 24. Nc3 Bd7 25. Qd1 Rc8 26. Rfc2 Qg5 27. Kf1 Ng3+ 28. Ke1 Kg7 29. Qd2 Nh1 30. Kf1 Qh4 31. Kg1 Ng3 32. Ne2 Rxc2 33. Rxc2 Ba4 34. Rc1 g5 35. Nxg3 fxg3 36. Rc8 h5 37. Be2 Bd7 38. Rc7 Kg6 39. Bd1 g4 40. Rxb7 gxh3 41. Rb6 Rf6 42. Rxa6 hxg2 43. Qxg2 Bh3 44. Qd2 Bd7 45. Ra8 Kg7 46. a6 g2 47. Qxg2+ Rg6 48. Rg8+ Kxg8 49. Qxg6+ Kf8 50. Qxd6+ Ke8 51. Qxe5+ Kd8 52. Qb8+ Ke7 53. Qe5+ Kd8 54. Qb8+ Bc8 55. Qb6+ Ke7 56. d6+ Kf8 57. Qf2 Qg5+ 58. Qg2 Qe3+ 59. Qf2 Qg5+ 60. Kh1 Qc1 61. Qf1 Qf4 62. a7 Qh4+ 63. Kg1 Qg3+ 64. Qg2 Qe1+ 65. Kh2 Qh4+ 66. Kg1 Qe1+ 67. Qf1 Qg3+ 68. Kh1 Qh4+ 69. Kg2 Bh3+ 70. Kg1 Qg3+ 71. Kh1 Bxf1 72. a8=Q+ Kg7 73. Qa7+ Kh6 74. Qe3+ Kh7 75. Qd2 h4 76. d7 h3 77. d8=Q Bg2+ 78. Kg1 h2# 0-1

[Event "CCT Airthings Masters Play-In 2023"]
[Site "Online"]
[Date "2023.02.03"]
[Round "3"]
[White "Njal28"]
[Black "wonderfultime"]
[Result "1/2-1/2"]
[ECO "D10"]
[WhiteElo "2571"]
[BlackElo "2648"]
[Annotator "NA"]
[PlyCount "29"]
[EventDate "2023.02.03"]
[EventType "swiss"]
[EventCountry "NET"]
[SourceTitle "playchess.com"]
[Source "ChessBase"]
[SourceQuality "1"]
[TimeControl "600+2"]

1. d4 d5 2. c4 c6 3. cxd5 cxd5 4. Bf4 Nf6 5. e3 Nc6 6. Bd3 Bg4 7. f3 Bh5 8. Nc3 e6 9. Qb3 Qb6 10. Qxb6 axb6 11. Nge2 Bg6 12. Bb5 Be7 13. Kd2 O-O 14. Rhc1 Rfc8 15. g4 1/2-1/2

[Event "CCT Airthings Masters Play-In 2023"]
[Site "Online"]
[Date "2023.02.03"]
[Round "3"]
[White "Infernal_XaM"]
[Black "Azeryahu"]
[Result "1-0"]
[ECO "B12"]
[WhiteElo "2569"]
[BlackElo "2415"]
[Annotator "TA"]
[PlyCount "51"]
[EventDate "2023.02.03"]
[EventType "swiss"]
[EventCountry "NET"]
[SourceTitle "playchess.com"]
[Source "ChessBase"]
[SourceQuality "1"]
[TimeControl "600+2"]

1. e4 c6 2. d4 d5 3. e5 Bf5 4. Nd2 e6 5. Nb3 Nd7 6. Nf3 Bg6 {[%emt 0:00:27] 6...Qc7 is a critical line. B12: Caro-Kann: Advance Variation.} 7. a4 $5 {[%emt 0:00:09][%mdl 4] A promising side line.} Nh6 8. Be2 Nf5 {[%emt 0:00:16] [#] The position is equal.} 9. h4 $146 {[%emt 0:00:02] [#] aiming for h5.} ({Predecessor:} 9. O-O Be7 10. Ne1 a6 11. Nd3 Qc7 12. f4 c5 13. dxc5 Nxc5 14. Ndxc5 Bxc5+ 15. Nxc5 Qxc5+ {1-0 Klekowski,M (2506)-Ly,M (2484) Titled Tuesday intern op 30th June blitz 2020 (4)}) 9... h5 10. g3 Rc8 11. c3 c5 12. dxc5 Bxc5 13. Nxc5 Nxc5 14. O-O a6 15. a5 Ne7 16. Be3 Nd7 {[%emt 0:00:03] Black is weak on the dark squares} 17. Qb3 Qc7 18. Nd4 Nf5 {[%emt 0:00:24] [#] Strongly threatening ...Nxe3.} 19. Bf4 Ne7 20. Rfc1 {[%emt 0:00:05] c4 would be deadly.} Nc6 (20... O-O $1 $14 {feels stronger.}) 21. Nxc6 $16 Qxc6 22. c4 $36 {[%emt 0:00:03][%cal Bc3c4,Bc4d5][%mdl 2080] Hoping for cxd5. Keeping Black busy. White is more active.} Nc5 $2 {[%emt 0:00:24] Black cannot hold the game after this.} (22... O-O $16) 23. Qd1 $18 O-O 24. b4 ({Weaker is} 24. Bxh5 Bxh5 25. Qxh5 Nd3 26. cxd5 Qxd5 27. Rxc8 Rxc8 $15) 24... Ne4 25. f3 ({Less strong is} 25. Bxh5 dxc4 26. Bxg6 fxg6 $14) 25... f5 (25... Nxg3 $142 26. Bxg3 Qd7) 26. cxd5 {[%emt 0:00:14] Weighted Error Value: White=0.05 (flawless) /Black=0.37} 1-0